Selects Airborne Battlegroup
Selects Heavy Machine Gun Paradrop
Heavy Machine Gun Paradrop
Selects Paratrooper Squad Paradrop
Paratrooper Squad Paradrop
Paratrooper Squad Paradrop
Mechanized Support Center
Construct Medical Station
Selects Anti-tank Gun Team Paradrop
Anti-tank Gun Team Paradrop
Paratrooper Squad Paradrop
Anti-tank Gun Team Paradrop
Paratrooper Squad Paradrop
Heavy Machine Gun Paradrop
Designate Forward Repair Station
Selects Carpet Bombing Run
M18 Hellcat Tank Destroyer